AoeStats
← LedgenP

Arena

507626011Analyzed
2v2 RM · 12d ago on Sep 19, 2026· 46m 3s· 4 players
Game mode
Random Map
Map size
Medium (4 player)
Population
200
Speed
Normal
Resources
Standard
Victory
Conquest
Starting age
Dark Age
Ending age
Imperial Age
RankedLock teamsTeams togetherTeam positionsShared explorationLock speedFull tech treeHidden civsTurbo modeCheats
Victory
Defeat
🇮🇳 Khmer · India
968
+15
🇺🇸 Portuguese · United States
948
+16
🇨🇴 Vietnamese · Colombia
974
-17
🇨🇴 Bohemians · Colombia
906
-14
LedgenP
10:20 Feudal Age
14:22 Castle Age
13:40 Double-Bit Axe
20:55 Horse Collar
24:24 Wheelbarrow
27:40 Bow Saw
28:26 Hand Cart
32:30 Imperial Age
31:07 Gold Mining
31:10 Stone Mining
32:35 Pikeman
34:37 Chemistry
33:59 Ballistics
34:29 Scale Barding Armor
34:29 Padded Archer Armor
34:22 Fletching
36:24 Two-Man Saw
34:51 Light Cavalry
35:41 Bloodlines
36:41 Stone Shaft Mining
37:34 Elite Organ Gun
43:53 Chain Barding Armor
43:34 Scale Mail Armor
43:44 Forging
RajaPuru
7:37 Loom
9:46 Feudal Age
12:16 Double-Bit Axe
14:16 Town Watch
17:14 Castle Age
17:27 Forging
17:23 Scale Barding Armor
17:07 Horse Collar
19:58 Wheelbarrow
23:16 Iron Casting
23:52 Bow Saw
24:32 Stone Mining
28:20 Hand Cart
29:24 Gold Mining
29:38 Heavy Plow
33:42 Imperial Age
32:08 Bloodlines
31:59 Husbandry
31:20 Light Cavalry
35:05 Double Crossbow
43:33 Hussar
Tutmosis
9:53 Feudal Age
10:56 Double-Bit Axe
14:58 Castle Age
13:21 Horse Collar
16:03 Wheelbarrow
17:49 Heavy Plow
19:15 Bow Saw
22:28 Hand Cart
22:18 Gold Mining
22:31 Stone Mining
23:01 Scale Mail Armor
24:06 Stone Shaft Mining
24:52 Forging
26:51 Chain Mail Armor
27:12 Iron Casting
32:06 Imperial Age
30:10 Fletching
30:20 Padded Archer Armor
30:23 Squires
31:21 Town Watch
31:32 Treadmill Crane
32:13 Ballistics
32:27 Bodkin Arrow
32:47 Leather Archer Armor
34:01 Paper Money
34:06 Murder Holes
35:38 Chemistry
37:58 Elite Fire Lancer
43:37 Pikeman
OMAR101226
3:22 Loom
12:56 Feudal Age
13:34 Double-Bit Axe
13:30 Horse Collar
20:19 Castle Age
21:21 Bow Saw
21:18 Heavy Plow
21:02 Light Cavalry
21:03 Pikeman
21:44 Squires
26:27 Chemistry
31:43 Imperial Age
29:47 Ballistics
30:20 Wheelbarrow
32:24 Hand Cart
34:27 Two-Man Saw
33:15 Halberdier
38:21 Forging
38:11 Scale Mail Armor
38:17 Scale Barding Armor
38:02 Fletching
38:12 Padded Archer Armor
38:44 Houfnice
39:00 Elite Hussite Wagon
39:46 Wagenburg Tactics
39:14 Sappers
Connection lost

Rejoining the realm…

Still unreachable

The connection could not be restored.

Session expired

The server has moved on; the page needs a fresh start.